 Dungeon Crawl Stone Soup version 0.20-a0-465-g6513c8f (webtiles) character file.

481 Ijustatesigmund the Stinger (level 7, 0/55 HPs)
             Began as a Naga Venom Mage on Jan 12, 2017.
             Slain by a gnoll (5 damage)
             ... on level 6 of the Dungeon.
             The game lasted 00:15:06 (4286 turns).

Ijustatesigmund the Stinger (Naga Venom Mage)       Turns: 4286, Time: 00:15:07

Health: 0/55       AC:  5    Str: 11      XL:     7   Next: 12%
Magic:  10/10      EV:  9    Int: 17      God:
Gold:   180        SH:  0    Dex:  2 (11) Spells: 4/10 levels left

rFire  . . .     SeeInvis +     e - +0 morningstar
rCold  . . .     Gourm    .     a - +1 robe
rNeg   + . .     Faith    .     (no shield)
rPois  +         Spirit   .     j - +0 helmet
rElec  .         Reflect  .     (no cloak)
rCorr  .         Harm     .     (no gloves)
MR     .....                    (no barding)
Stlth  ++........               g - amulet of magic regeneration
                                (no ring)
                                d - ring of positive energy

@: exhausted, slowed, very slow
A: see invisible, deformed body, poison resistance, slowness 2, slow metabolism
1, spit poison 1, AC +2
a: Spit Poison


You were on level 6 of the Dungeon.
You were not hungry.

You visited 1 branch of the dungeon, and saw 6 of its levels.

You collected 180 gold pieces.

Inventory:

Hand Weapons
 e - a +0 morningstar (weapon)
Armour
 a - a +1 robe (worn)
 h - a +0 large shield
 j - a +0 helmet (worn)
Jewellery
 c - an uncursed amulet of harm {unknown}
 d - a ring of positive energy (left hand)
 g - an amulet of magic regeneration (around neck)
Wands
 m - a wand of random effects (7/48)
Scrolls
 f - a scroll of identify
 o - a scroll of teleportation
Potions
 l - a potion of flight
Books
 b - a Young Poisoner's Handbook

   Spells                             Type                      Level
   a - Sting                          Conjuration/Poison           1
   b - Poisonous Vapours              Poison/Air                   2
   c - Mephitic Cloud                 Conjuration/Poison/Air       3
   d - Olgreb's Toxic Radiance        Poison                       4
   e - Venom Bolt                     Conjuration/Poison           5
Comestibles
 n - a meat ration


   Skills:
 + Level 2.6 Maces & Flails
 - Level 1.5 Dodging
 - Level 4.3 Stealth
 - Level 2.0 Spellcasting
 + Level 4.2 Conjurations
 + Level 3.4 Air Magic
 - Level 5.3 Poison Magic


You had 4 spell levels left.
You knew the following spells:

 Your Spells              Type           Power        Failure   Level  Hunger
a - Sting                 Conj/Pois      ###.         2%          1    #......
b - Poisonous Vapours     Pois/Air       ###...       6%          2    ###....
c - Mephitic Cloud        Conj/Pois/Air  ###.....     12%         3    ###....


Dungeon Overview and Level Annotations

Branches:
Dungeon (6/15)
 Temple: D:4-7

Altars:
Ru

Annotations:
D:5 Eustachio


Innate Abilities, Weirdness & Mutations

You cannot wear boots.
Your serpentine skin is tough. (AC +2)
You have supernaturally acute eyesight. (SInv)
Armour fits poorly on your strangely shaped body.
Your system is resistant to poisons. (rPois)
You cover ground very slowly.
You have a slow metabolism.
You can spit poison.


Message History

The crimson imp hits you but does no damage.
You closely miss the crimson imp. You miss the crimson imp.
The crimson imp closely misses you.
You barely miss the crimson imp. The crimson imp closely misses you.
You miss the crimson imp.
The crimson imp hits you but does no damage.
You barely miss the crimson imp.
The crimson imp blinks!
You hit the gnoll.
The gnoll is almost dead.
You are no longer berserk.
You are exhausted.
You feel yourself slow down. The gnoll hits you!
* * * LOW HITPOINT WARNING * * *
You hit the gnoll.
The gnoll is almost dead.
The crimson imp closely misses you. The gnoll hits you.
* * * LOW HITPOINT WARNING * * *
The crimson imp hits you but does no damage.
The gnoll hits you.
You die...

......######
#..........#
###.......g..#
g............#
g............#
..g...g5.....#
#Z# #.#######
#.#.g@5.#
#.#.###.#
#...# #.#
##### #.# #.#
#.# #.#####
#.....#
#####.#


You could see a gnoll and a crimson imp.

Vanquished Creatures
  An ogre (D:4)
  A gnoll sergeant (D:6)
  A scorpion (D:4)
  A bullfrog zombie (D:6)
  An orc priest (D:3)
  A bullfrog skeleton (D:4)
  2 iguanas
  6 adders
  A shadow imp (D:5)
  An ooze (D:1)
  2 worms
  A dart slug (D:2)
  4 orcs
  4 giant cockroaches
  9 goblins
  6 hobgoblins
  A quokka (D:4)
  2 ball pythons (D:1)
  5 bats
  5 frilled lizards
  14 kobolds
  A quokka skeleton (D:4)
  4 rats
74 creatures vanquished.

Vanquished Creatures (others)
  A giant cockroach (D:1)
1 creature vanquished.

Grand Total: 75 creatures vanquished

Notes
Turn   | Place    | Note
-------+----------+-------------------------------------------
     0 | D:1      | Ijustatesigmund the Naga Venom Mage began the quest for the Orb.
     0 | D:1      | Reached XP level 1. HP: 15/15 MP: 3/3
   153 | D:1      | Reached XP level 2. HP: 19/22 MP: 1/5
   327 | D:1      | Learned a level 2 spell: Poisonous Vapours
   840 | D:1      | Reached XP level 3. HP: 28/28 MP: 3/6
  1188 | D:2      | Reached skill level 5 in Poison Magic
  1383 | D:2      | Reached XP level 4. HP: 36/36 MP: 2/7
  2022 | D:2      | Reached skill level 1 in Air Magic
  2082 | D:3      | Reached XP level 5. HP: 26/42 MP: 1/8
  2087 | D:3      | Learned a level 3 spell: Mephitic Cloud
  2253 | D:3      | Found a sacrificial altar of Ru.
  2581 | D:4      | Noticed an ogre
  2589 | D:4      | Killed an ogre
  2589 | D:4      | Reached skill level 1 in Maces & Flails
  2589 | D:4      | Reached XP level 6. HP: 14/49 MP: 3/9
  3063 | D:4      | Noticed a phantom
  3525 | D:5      | Entered Level 5 of the Dungeon
  3976 | D:5      | Noticed Eustachio
  3978 | D:5      | Noticed a phantom
  4247 | D:6      | Reached XP level 7. HP: 32/55 MP: 5/10
  4286 | D:6      | Slain by a gnoll

Vault maps used:
D:1:      shiori_arrival_oz, minmay_pentomino_q2
D:3:      nicolae_ru_awakened_eye
D:4:      first_bread
D:5:      uniq_prince_ribbit1, uniq_eustachio

Skill      XL: |  1  2  3  4  5  6 |
---------------+-------------------+-----
Conjurations   | 2 3 4 |  4.2
Poison Magic   | 5 |  5.3
Air Magic      | 1 2 3 |  3.4
Stealth        | 4 |  4.3
Maces & Flails | 1 2 |  2.6
Dodging        | |  1.5
Spellcasting   | |  2.0

Action                   |  1- 3 |  4- 6 |  7- 9 || total
-------------------------+-------+-------+-------++-------
Melee: Short sword       |    11 |       |       ||    11
       Dagger            |     7 |    19 |       ||    26
       Morningstar       |       |    61 |    25 ||    86
 Cast: Sting             |    53 |    95 |     1 ||   149
       Mephitic Cloud    |       |     4 |     1 ||     5
       Poisonous Vapours |       |     1 |       ||     1
 Abil: Spit Poison       |     4 |     6 |     1 ||    11
Evoke: Wand              |       |     9 |       ||     9
  Use: Scroll            |     2 |     7 |       ||     9
       Potion            |       |     1 |     4 ||     5
 Stab: Sleeping          |     1 |       |       ||     1
       Confused          |       |     1 |       ||     1
  Eat: Chunk             |     2 |     2 |       ||     4
       Beef jerky        |       |     1 |       ||     1
       Bread ration      |       |     2 |       ||     2
Armor: Robe              |     5 |   101 |    11 ||   117
Dodge: Dodged            |    15 |   124 |    12 ||   151
